 Dungeon Crawl Stone Soup version 0.31.0-11-ge490571c62 (webtiles) character file.

Game seed: 10813778395346844902

93 bearlyready the Changeling (level 4, -7/42 HPs)
             Began as an Octopode Shapeshifter on Feb 5, 2024.
             Killed by divine providence
             ... invoked by an orc priest
              (14 damage)
             ... on level 3 of the Dungeon.
             The game lasted 00:03:58 (1752 turns).

bearlyready the Changeling (Octopode Shapeshifter)  Turns: 1752, Time: 00:03:58

Health: -7/42      AC: 22    Str: 15    XL:     4   Next: 61%
Magic:  4/4        EV:  2    Int: 12    God:
Gold:   95         SH:  0    Dex: 11    Spells: 3/3 levels left

rFire   . .          .
                       - Unarmed
rCold   . . .        (no shield)
rNeg    . . .        (helmet currently unavailable)
rPois   +            (no amulet)
rElec   .            (no ring)
rCorr   .            (no ring)
SInv    .            (no ring)
Will    .....        (no ring)
Stlth   +            (no ring)
HPRegen 0.27/turn    (no ring)
MPRegen 0.09/turn    (no ring)
                     (no ring)

%: no passive effects
@: tree-form
A: stationary, stasis, torment immunity, boosted hp, almost no armour,
(amphibious), 8 rings, (camouflage 1), (gelatinous body 1), (nimble swimmer 1),
(tentacles)
a: no special abilities


You were on level 3 of the Dungeon.
You were a tree.
You visited 1 branch of the dungeon, and saw 3 of its levels.

You collected 137 gold pieces.
You spent 42 gold pieces at shops.

Inventory:

Missiles
 h - 4 poisoned darts (quivered)
 i - 21 stones
 n - 3 boomerangs
 o - 2 atropa-tipped darts
Armour
 e - a +0 cloak
Talismans
 b - a beast talisman
 c - a flux talisman
Scrolls
 d - a scroll of enchant weapon {unknown}
 m - a scroll of identify {unknown}
Potions
 f - 2 potions of degeneration {unknown}
 g - 2 potions of might {unknown}
 j - a potion of berserk rage {unknown}
 l - a potion of brilliance {unknown}
 p - a potion of enlightenment {unknown}


   Skills:
 - Level 1.0 Fighting
 - Level 2.0 Dodging
 - Level 4.0 Unarmed Combat
 + Level 4.2 Shapeshifting


You had 3 spell levels left.
You didn't know any spells.
Your spell library contained the following spells:

 Spells                   Type           Power      Damage    Failure   Level
 Ensorcelled Hibernation  Hex/Ice        0%         N/A       45%         2
 Passwall                 Erth           0%         N/A       69%         3
 Swiftness                Air            0%         N/A       69%         3
 Tukima's Dance           Hex            0%         N/A       69%         3
 Dimensional Bullseye     Hex/Tloc       0%         N/A       97%         4
 Iskenderun's Mystic Bla  Conj/Tloc      0%         2d3       97%         4


Dungeon Overview and Level Annotations

Branches:
Dungeon (3/15)

Altars:

Shops:
D:2 !


Innate Abilities, Weirdness & Mutations

You are a tree.
Your roots penetrate the ground, keeping you stationary.
You cannot be teleported.
You are immune to unholy pain and torment.
Your maximum health is greatly increased.
You cannot wear most types of armour.
((You are amphibious.))
You can wear up to eight rings at the same time.
((Your skin changes colour to match your surroundings (Stealth+).))
((Your rubbery body absorbs attacks. (AC +1, EV +1)))
((You are camouflaged when in or above water. (Stealth+)))
((You have tentacles for arms and can constrict up to eight enemies at once.))


Message History

There is a stone staircase leading down, spattered with blood here.
You start resting.
HP restored.
You climb downwards.
There is a stone staircase leading up, spattered with blood here.
The adder hisses angrily.
You tentacle-slap the orc priest but do no damage.
You grab the orc priest.
You tentacle-slap the orc priest, but do no damage.
You constrict the orc priest, but do no damage.
The orc priest hits you with a +2 whip of electrocution.
You bludgeon the orc priest!
You squeeze the orc priest, but do no damage.
The orc priest is heavily wounded.
You constrict the orc priest, but do no damage.
The rat closely misses you.
The orc priest hits you with a +2 whip of electrocution.
You are electrocuted!!
Ouch! That really hurt!
* * * LOW HITPOINT WARNING * * *
You feel better.
You constrict the orc priest. The bat closely misses you. The rat bites you.
* * * LOW HITPOINT WARNING * * *
The orc priest completely misses you.
Your transformation has ended.
You turn into a tree.
Your roots penetrate the ground.
You lose your grip on the orc priest.
The bat completely misses you. The rat bites you but does no damage.
The orc priest hits you with a +2 whip of electrocution.
* * * LOW HITPOINT WARNING * * *
You hit the orc priest.
The orc priest is severely wounded.
The bat hits you but does no damage. The rat bites you but does no damage.
The orc priest looks braver for a moment.
You barely miss the orc priest.
The orc priest is severely wounded.
The bat hits you but does no damage. The rat bites you but does no damage.
The orc priest mumbles some strange prayers to Beogh against you.
Beogh smites you!
You die...

##..##.?..#####..#
..#.......#.......##
#......<.....#.....#####
##.r##.................#
.... #.................#
... ..................#
.g ..(..........<.....#
S ..#..>.)..r.......###
...#....##So♣......#
.>..o....##.....÷...# ..
......##.b.......# ...
#....##....)....#
##..##....##.........#
.....#....##.........#
...#...##.###.......##
....#........#...).##
#.............######


You could see an orc priest, an adder, a bat and a rat.

Vanquished Creatures
  A gnoll (D:3)
  3 adders
  A dart slug (D:1)
  4 orcs (D:2)
  6 endoplasms
  2 giant cockroaches (D:1)
  2 goblins (D:1)
  8 hobgoblins
  3 kobolds
  7 ball pythons
  5 bats
  5 frilled lizards (D:1)
  5 rats
52 creatures vanquished.

Notes
Turn   | Place    | Note
-------+----------+-------------------------------------------
     0 | D:1      | bearlyready the Octopode Shapeshifter began the quest for
                  | the Orb.
     0 | D:1      | Reached XP level 1. HP: 13/13 MP: 1/1
   110 | D:1      | Reached XP level 2. HP: 16/18 MP: 2/2
   335 | D:1      | Reached XP level 3. HP: 19/23 MP: 3/3
   690 | D:2      | Found Oxtischuck's Distillery.
   712 | D:2      | Bought a potion of curing for 42 gold pieces
  1237 | D:2      | Reached XP level 4. HP: 15/28 MP: 4/4
  1748 | D:3      | HP: 1/28 [orc priest/+2 whip of electrocution (18)]
  1752 | D:3      | Killed from afar by an orc priest

Illustrated notes

Levels and vault maps discovered:
D:1:      psy_arrival_whirlpool, layout_basic, minmay_misc_feat_rugged,
          glass_columns_c, minmay_cupped
D:2:      layout_rooms, serial_shops, nicolae_shop_industrial_runoff
D:3:      layout_rooms, st_stairs_5, minmay_divided_ellipse

Skill      XL: |  1  2  3  4 |
---------------+-------------+-----
Unarmed Combat | 4 |  4.0
Shapeshifting  | 4 |  4.2
Fighting       | |  1.0
Dodging        | |  2.0

Action                     |  1- 3 |  4- 6 || total
---------------------------+-------+-------++-------
  Melee: Unarmed           |    78 |    22 ||   100
         Tentacles         |    16 |     2 ||    18
         Constrict         |    15 |     6 ||    21
         Punch             |     1 |     2 ||     3
  Throw: Dart              |       |     5 ||     5
    Use: Potion            |       |     2 ||     2
   Stab: Sleeping          |     5 |       ||     5
 Armour: Skin              |    32 |    25 ||    57
  Dodge: Dodged            |    40 |    13 ||    53
